 Dungeon Crawl Stone Soup version 0.31-a0-152-g6aa68a64a1 (webtiles) character file.

Game seed: 10434610525747486332

63 CowFu the Insei (level 3, -2/29 HPs)
             Began as a Draconian Transmuter on June 11, 2023.
             Was a Believer of Zin.
             Slain by a worm (8 damage)
             ... on level 3 of the Dungeon.
             The game lasted 00:02:12 (2081 turns).

CowFu the Insei (Draconian Transmuter)              Turns: 2081, Time: 00:02:13

Health: -2/29      AC:  5    Str: 12    XL:     3   Next: 87%
Magic:  6/6        EV: 12    Int: 13    God:    Zin [**....]
Gold:   84         SH:  0    Dex: 13    Spells: 5/6 levels left

rFire   . .          .
                       - Unarmed
rCold   . . .        (no shield)
rNeg    . . .        (body armour unavailable)
rPois   .            (helmet restricted)
rElec   .            (no cloak)
rCorr   +            (no gloves)
SInv    .            (no boots)
Will    .....        (no amulet)
Stlth   +            d - ring of flight
HPRegen 0.24/turn    i - ring of resist corrosion
MPRegen 0.10/turn

%: no passive effects
@: flying
A: AC +5, unfitting armour, cold-blooded
a: Renounce Religion, Recite, Vitalisation, Donate Gold


You were on level 3 of the Dungeon.
You worshipped Zin.
Zin was pleased with you.
You visited 1 branch of the dungeon, and saw 3 of its levels.

You collected 93 gold pieces.
You donated 9 gold pieces to Zin.

Inventory:

Jewellery
 d - a ring of flight (left hand)
 i - a ring of resist corrosion (right hand)
Wands
 k - a wand of quicksilver (9)
Scrolls
 e - a scroll of identify
 h - a scroll of fog {unknown}
 m - a scroll of summoning {unknown}
 n - a scroll of teleportation {unknown}
Potions
 a - 3 potions of lignification
 b - 4 potions of curing
 c - 4 potions of ambrosia
 g - a potion of degeneration
 j - a potion of haste
 l - a potion of enlightenment


   Skills:
 + Level 2.2 Fighting
 + Level 2.3 Dodging
 + Level 4.0 Unarmed Combat
 - Level 2.0 Spellcasting
 - Level 2.0 Transmutations


You had 5 spell levels left.
You knew the following spells:

 Your Spells              Type           Power      Damage    Failure   Level
a - Beastly Appendage     Tmut           12%        N/A       11%         1

Your spell library contained the following spells:

 Spells                   Type           Power      Damage    Failure   Level
 Wereblood                Tmut           6%         N/A       17%         2
 Apportation              Tloc           2%         N/A       26%         1
 Cigotuvi's Dreadful Rot  Necr/Pois/Air  2%         N/A       36%         2
 Spider Form              Tmut/Pois      3%         N/A       45%         3
 Ignite Poison            Fire/Tmut/Pois 3%         N/A       52%         3
 Ice Form                 Ice/Tmut       3%         N/A       86%         4
 Alistair's Intoxication  Tmut/Pois      2%         N/A       99%         5
 Freezing Cloud           Conj/Ice/Air   0%         6-21      100%        5


Dungeon Overview and Level Annotations

Branches:
Dungeon (3/15)

Altars:
Zin


Innate Abilities, Weirdness & Mutations

Your plain brown scales are hard. (AC +5)
You cannot fit into any form of body armour.
You are cold-blooded and may be slowed by cold attacks.


Message History

You closely miss the orc.
The orc is lightly wounded.
The orc barely misses you.
You hit the orc.
The orc is moderately wounded.
The orc barely misses you.
You hit the orc.
The orc is heavily wounded.
The orc barely misses you.
You hit the orc.
You kill the orc!
You closely miss the orc. You barely miss the orc.
The orc hits you with a +0 flail.
You closely miss the orc. You tail-slap the orc.
The orc is almost dead.
The orc hits you with a +0 flail!
You hit the orc.
You kill the orc!
The worm barely misses you.
Items here: )))) [[ †.
You hit the worm.
The worm is lightly wounded.
The worm bites you.
You barely miss the worm. You tail-slap the worm. You punch the worm.
The worm is moderately wounded.
You hit the worm but do no damage.
The worm is moderately wounded.
The worm bites you but does no damage.
You hit the worm but do no damage.
The worm is moderately wounded.
You hit the worm.
The worm is heavily wounded.
The worm bites you.
* * * LOW HITPOINT WARNING * * *
You hit the worm but do no damage.
The worm is heavily wounded.
You hit the worm but do no damage.
The worm is heavily wounded.
The worm bites you!
You die...

##.###[#.####>#.....w.###..#
#..[.#..# #.#........#.###
##### #..#..÷.##
#.#######)#.## ....#
#.#......###.# #.###
..#b###.#.......##.# #.#
!..o....†........#.# #.#
..#####.........##.# #.#**
.######.##.....###.####
#..,*
.*#....o###....w@.....#
###,*
.#?..##.###..#####.##.# *,*
....,,#..o..## #[#*,** *,*
.......##.### #..,,,* *,*
.(........# ####,,* *,*
........### *****,,*****,*
,.......*******
*,,,,,,,,,**,*
,......,,,,,,,*
*,***,,**,**,*
*.....#******,* *,*
*,,**,**,****


You could see a worm.

Vanquished Creatures
  An adder (D:3)
  A worm (D:2)
  A dart slug (D:2)
  5 orcs (D:3)
  5 ball pythons
  3 bats
  3 endoplasms
  5 giant cockroaches
  2 goblins (D:1)
  3 hobgoblins
  2 jackals (D:2)
  A quokka (D:2)
  A frilled lizard (D:2)
  6 rats
39 creatures vanquished.

Notes
Turn   | Place    | Note
-------+----------+-------------------------------------------
     0 | D:1      | CowFu the Draconian Transmuter began the quest for the Orb.
     0 | D:1      | Reached XP level 1. HP: 16/16 MP: 3/3
   408 | D:1      | Found a faded altar of an unknown god.
   452 | D:1      | Prayed at the altar of an unknown god.
   452 | D:1      | Became a worshipper of Zin the Law-Giver
   452 | D:1      | Reached * piety under Zin
   594 | D:1      | Reached XP level 2. HP: 23/23 MP: 5/5
  1240 | D:2      | Reached XP level 3. HP: 29/29 MP: 6/6
  1286 | D:2      | Reached ** piety under Zin
  1995 | D:3      | Reached skill level 4 in Unarmed Combat
  2081 | D:3      | Slain by a worm

Illustrated notes

Levels and vault maps discovered:
D:1:      minmay_arrival_stair_chambers, layout_loops_corners,
          hellmonk_ecumenical_altar_heavens_door
D:2:      kennysheep_big_flooded_room, layout_basic
D:3:      layout_loops_ring

Skill      XL: |  1  2  3 |
---------------+----------+-----
Dodging        | 2 |  2.3
Fighting       | 2 |  2.2
Unarmed Combat | 4 |  4.0
Spellcasting   | |  2.0
Transmutations | |  2.0

Action                     || total
---------------------------++-------
  Melee: Unarmed           ||   167
         Tailslap          ||    16
         Headbutt          ||     2
         Punch             ||     1
   Cast: Beastly Appendage ||     4
    Use: Scroll            ||     6
 Armour: Skin              ||    48
  Dodge: Dodged            ||   104

Table legend: (Time is in decaauts)
 A = Elapsed time spent in this place.
 B = Non-inter-level travel time spent in this place.
 C = Inter-level travel time spent in this place.
 D = Time resting spent in this place.
 E = Time spent auto-exploring this place.
 F = Levels seen in this place.
 G = Mean time per level.
                   A        B        C        D        E       F      G
               +--------+--------+--------+--------+--------+-----+--------+
         Total |   2069 |   2018 |     51 |      0 |   1622 |   3 |  689.7 |
       Dungeon |   2069 |   2018 |     51 |      0 |   1622 |   3 |  689.7 |
               +--------+--------+--------+--------+--------+-----+--------+

Top non-repeatable levels by time:
     D:1: 981 daAuts
     D:2: 810 daAuts
     D:3: 277 daAuts
